TOP OF THE 1ST |
Logan Swans batting - Pitching for Atlantic City War Dogs : RHP Juan Valdés
|
Pitching: RHP Juan Valdés
|
|
Batting: RHB Joe Sulley
|
0-0: Called Strike 0-1: Ball 1-1: Ball 2-1: Foul Ball, location: 2F 2-2: SINGLE (Groundball, 56D)
|
Batting: RHB Víctor Cuevas
|
0-0: Called Strike 0-1: Ball 1-1: Ball 2-1: Ground out 5-3 (Groundball, 56S) Joe Sulley to second
|
Batting: SHB Francisco García
|
0-0: Swinging Strike 0-1: Ground out 1-3 (Groundball, P) Joe Sulley to third
|
Batting: RHB Lawrence Ware
|
0-0: Called Strike 0-1: Swinging Strike 0-2: Fly out, F2 (Popup, 2R)
|
Top of the 1st over - 0 run(s), 1 hit(s), 0 error(s), 1 left on base; Logan 0 - Atlantic City 0 |
BOTTOM OF THE 1ST |
Atlantic City War Dogs batting - Pitching for Logan Swans : RHP Matt McGrath
|
Pitching: RHP Matt McGrath
|
|
Batting: RHB José Guevara
|
0-0: Ball 1-0: Called Strike 1-1: Ball 2-1: Ground out 4-3 (Groundball, 4)
|
Batting: RHB Francisco Martínez
|
0-0: Ball 1-0: Swinging Strike 1-1: Ball 2-1: Swinging Strike 2-2: Ground out 1-3 (Groundball, 15S)
|
Batting: LHB Trey Fitzpatrick
|
0-0: Ball 1-0: Called Strike 1-1: SOLO HOME RUN (Line Drive, 89XD), Distance : 402 ft
|
Batting: RHB Armando Vega
|
0-0: Ball 1-0: Called Strike 1-1: Fly out, F9 (Line Drive, 9)
|
Bottom of the 1st over - 1 run(s), 1 hit(s), 0 error(s), 0 left on base; Logan 0 - Atlantic City 1 |
TOP OF THE 2ND |
Logan Swans batting - Pitching for Atlantic City War Dogs : RHP Juan Valdés
|
Batting: LHB Roberto Herrera
|
0-0: Ball 1-0: Called Strike 1-1: Ball 2-1: Swinging Strike 2-2: Strikes out swinging
|
Batting: RHB Carlos Jiménez
|
0-0: Ball 1-0: Ball 2-0: SINGLE (Groundball, 4M) (infield hit)
|
Batting: SHB Torajiro Ito
|
0-0: Ball 1-0: Swinging Strike 1-1: Ball 2-1: Grounds into double play, 6-4-3 (Groundball, 6D)
|
Top of the 2nd over - 0 run(s), 1 hit(s), 0 error(s), 0 left on base; Logan 0 - Atlantic City 1 |
BOTTOM OF THE 2ND |
Atlantic City War Dogs batting - Pitching for Logan Swans : RHP Matt McGrath
|
Batting: LHB Pedro Fernández
|
0-0: Called Strike 0-1: Ball 1-1: Swinging Strike 1-2: Ball 2-2: Foul Ball, location: 2F 2-2: Strikes out swinging
|
Batting: RHB Don Jackson
|
0-0: Ball 1-0: Foul Ball, location: 2F 1-1: Ball 2-1: Ball 3-1: TRIPLE (Flyball, 89D)
|
Batting: RHB Nelson Martínez
|
0-0: Swinging Strike 0-1: Hit by Pitch
|
Batting: RHB Jesús Herrera
|
0-0: Called Strike 0-1: Swinging Strike 0-2: Fielders Choice at 2nd, 1-4 (Groundball, 15S)
|
Batting: RHB Jeff Buck
|
0-0: Called Strike 0-1: Called Strike 0-2: Ball 1-2: Strikes out swinging
|
Bottom of the 2nd over - 0 run(s), 1 hit(s), 0 error(s), 2 left on base; Logan 0 - Atlantic City 1 |
TOP OF THE 3RD |
Logan Swans batting - Pitching for Atlantic City War Dogs : RHP Juan Valdés
|
Batting: LHB Francisco Ríos
|
0-0: Ball 1-0: Ball 2-0: Swinging Strike 2-1: Called Strike 2-2: Strikes out looking
|
Batting: RHB Joe Roberts
|
0-0: Ball 1-0: Fly out, F4 (Line Drive, 4M)
|
Batting: RHB Joe Sulley
|
0-0: Ball 1-0: Ball 2-0: Ball 3-0: Called Strike 3-1: Swinging Strike 3-2: Strikes out looking
|
Top of the 3rd over - 0 run(s), 0 hit(s), 0 error(s), 0 left on base; Logan 0 - Atlantic City 1 |
BOTTOM OF THE 3RD |
Atlantic City War Dogs batting - Pitching for Logan Swans : RHP Matt McGrath
|
Batting: RHB José Guevara
|
0-0: Foul Ball, location: 2F 0-1: Ball 1-1: Ball 2-1: SINGLE (Groundball, 34D)
|
Batting: RHB Francisco Martínez
|
0-0: Ball 1-0: Ball 2-0: Ball 3-0: Called Strike 3-1: Called Strike 3-2: Foul Ball, location: 2F 3-2: Foul Ball, location: 2F 3-2: Fly out, F9 (Flyball, 9LMF)
|
Batting: LHB Trey Fitzpatrick
|
0-0: Foul Ball, location: 2F 0-1: Fly out, F8 (Flyball, 8RM)
|
Batting: RHB Armando Vega
|
0-0: 2-RUN HOME RUN (Line Drive, 78XD), Distance : 392 ft
|
Batting: LHB Pedro Fernández
|
0-0: Called Strike 0-1: Ball 1-1: SINGLE (Groundball, 3D)
|
Batting: RHB Don Jackson
|
0-0: Ball 1-0: Ball 2-0: Foul Ball, location: 2F 2-1: Called Strike Pedro Fernández is caught stealing 2nd base
|
Bottom of the 3rd over - 2 run(s), 3 hit(s), 0 error(s), 0 left on base; Logan 0 - Atlantic City 3 |
TOP OF THE 4TH |
Logan Swans batting - Pitching for Atlantic City War Dogs : RHP Juan Valdés
|
Batting: RHB Víctor Cuevas
|
0-0: SINGLE (Groundball, 56D)
|
Batting: SHB Francisco García
|
0-0: Called Strike 0-1: Ball 1-1: Fly out, F8 (Flyball, 8RS)
|
Batting: RHB Lawrence Ware
|
0-0: Foul Ball, location: 2F 0-1: Foul Ball, location: 2F 0-2: Foul Ball, location: 2F 0-2: Ball 1-2: Ball 2-2: Foul Ball, location: 2F 2-2: Foul Ball, location: 2F 2-2: Foul Ball, location: 2F 2-2: Ground out 5-3 (Groundball, 56S) Víctor Cuevas to second
|
Batting: LHB Roberto Herrera
|
0-0: Ball 1-0: Ground out 5-3 (Groundball, 5)
|
Top of the 4th over - 0 run(s), 1 hit(s), 0 error(s), 1 left on base; Logan 0 - Atlantic City 3 |
BOTTOM OF THE 4TH |
Atlantic City War Dogs batting - Pitching for Logan Swans : RHP Matt McGrath
|
Batting: RHB Don Jackson
|
0-0: Fly out, F8 (Flyball, 8LS)
|
Batting: RHB Nelson Martínez
|
0-0: Called Strike 0-1: Fly out, F9 (Flyball, 9D)
|
Batting: RHB Jesús Herrera
|
0-0: Called Strike 0-1: Swinging Strike 0-2: Strikes out swinging
|
Bottom of the 4th over - 0 run(s), 0 hit(s), 0 error(s), 0 left on base; Logan 0 - Atlantic City 3 |
TOP OF THE 5TH |
Logan Swans batting - Pitching for Atlantic City War Dogs : RHP Juan Valdés
|
Batting: RHB Carlos Jiménez
|
0-0: Ball 1-0: Foul Ball, location: 2F 1-1: Ball 2-1: Foul Ball, location: 2F 2-2: Strikes out swinging
|
Batting: SHB Torajiro Ito
|
0-0: Swinging Strike 0-1: Foul Ball, location: 2F 0-2: Strikes out swinging
|
Batting: LHB Francisco Ríos
|
0-0: Ball 1-0: Foul Ball, location: 2F 1-1: Fly out, F6 (Line Drive, 6D)
|
Top of the 5th over - 0 run(s), 0 hit(s), 0 error(s), 0 left on base; Logan 0 - Atlantic City 3 |
BOTTOM OF THE 5TH |
Atlantic City War Dogs batting - Pitching for Logan Swans : RHP Matt McGrath
|
Batting: RHB Jeff Buck
|
0-0: Ball 1-0: Reached on error, E7 (Flyball, 78M)
|
Batting: RHB José Guevara
|
0-0: Ball 1-0: Fly out, F9 (Flyball, 9S)
|
Batting: RHB Francisco Martínez
|
0-0: Ball 1-0: Ball 2-0: Called Strike 2-1: Foul Ball, location: 2F 2-2: Ball Jeff Buck steals 2nd base 3-2: SINGLE (Groundball, 6MD) Jeff Buck to third
|
Batting: LHB Trey Fitzpatrick
|
0-0: Swinging Strike 0-1: Ball 1-1: Ball 2-1: Foul Ball, location: 2F 2-2: Ball 3-2: Foul Ball, location: 2F 3-2: Foul Ball, location: 2F 3-2: Ground out U3 (Groundball, 3) Francisco Martínez to second
|
Pitching: RHP Alberto García
|
|
Batting: RHB Armando Vega
|
0-0: Ball 1-0: Swinging Strike 1-1: Ball 2-1: Ball 3-1: Base on Balls
|
Batting: LHB Pedro Fernández
|
0-0: Ball 1-0: Foul Ball, location: 2F 1-1: Ground out 4-3 (Groundball, 4S)
|
Bottom of the 5th over - 0 run(s), 1 hit(s), 1 error(s), 3 left on base; Logan 0 - Atlantic City 3 |
TOP OF THE 6TH |
Logan Swans batting - Pitching for Atlantic City War Dogs : RHP Juan Valdés
|
Batting: RHB Joe Roberts
|
0-0: Ball 1-0: Ball 2-0: Ground out U3 (Groundball, 34)
|
Batting: RHB Joe Sulley
|
0-0: Swinging Strike 0-1: Ball 1-1: Ball 2-1: SINGLE (Groundball, 56D)
|
Batting: RHB Víctor Cuevas
|
0-0: Called Strike 0-1: Ball 1-1: Called Strike Joe Sulley steals 2nd base 1-2: Strikes out swinging
|
Batting: SHB Francisco García
|
0-0: Foul Ball, location: 2F 0-1: Ball 1-1: Ball 2-1: Ball 3-1: Base on Balls
|
Pitching: RHP Bernardo Herrera
|
|
Batting: RHB Lawrence Ware
|
0-0: Ball 1-0: Called Strike 1-1: SINGLE (Line Drive, 4M) Joe Sulley to third Francisco García to second Runner from 3rd tries for Home, SAFE, no throw
|
Batting: LHB Roberto Herrera
|
0-0: SINGLE (Groundball, 56D) Francisco García to third Lawrence Ware to second Runner from 3rd tries for Home, SAFE, no throw
|
Batting: RHB Carlos Jiménez
|
0-0: Ball 1-0: Ground out 5-3 (Groundball, 56S)
|
Top of the 6th over - 2 run(s), 3 hit(s), 0 error(s), 2 left on base; Logan 2 - Atlantic City 3 |
BOTTOM OF THE 6TH |
Atlantic City War Dogs batting - Pitching for Logan Swans : RHP Alberto García
|
Batting: RHB Don Jackson
|
0-0: Ball 1-0: Ball 2-0: Ball 3-0: Called Strike 3-1: Base on Balls
|
Batting: RHB Nelson Martínez
|
0-0: Ball 1-0: Single, Error in OF, E7, batter to second base Don Jackson to third
|
Batting: RHB Jesús Herrera
|
0-0: Intentional Walk
|
Batting: RHB Jeff Buck
|
0-0: Called Strike 0-1: Foul Ball, location: 2F 0-2: Grounds into fielders choice 6-2 (Groundball, 6) Nelson Martínez to third Jesús Herrera to second
|
Batting: RHB José Guevara
|
0-0: Called Strike 0-1: Swinging Strike 0-2: Ball 1-2: Ball 2-2: Foul Ball, location: 2F 2-2: Foul Ball, location: 2F 2-2: Ball 3-2: Foul Ball, location: 2F 3-2: Foul Ball, location: 2F 3-2: Foul Ball, location: 2F 3-2: Base on Balls Nelson Martínez scores Jesús Herrera to third Jeff Buck to second
|
Batting: RHB Francisco Martínez
|
0-0: Called Strike 0-1: Ball 1-1: Called Strike 1-2: Single, Error in OF, E7, batter to second base Jesús Herrera scores Jeff Buck scores José Guevara to third
|
Batting: LHB Trey Fitzpatrick
|
0-0: Intentional Walk
|
Pitching: RHP Mike Schmidt
|
|
Batting: RHB Armando Vega
|
0-0: Ball Wild Pitch! José Guevara scores Francisco Martínez to third Trey Fitzpatrick to second 1-0: Ball 2-0: Called Strike 2-1: Foul Ball, location: 2F 2-2: Ball 3-2: Base on Balls
|
Batting: LHB Pedro Fernández
|
0-0: Called Strike 0-1: SINGLE (Line Drive, 89S) Francisco Martínez scores Trey Fitzpatrick to third Armando Vega to second Runner from 3rd tries for Home, SAFE, no throw
|
Batting: RHB Don Jackson
|
0-0: Ball 1-0: Swinging Strike 1-1: Ball Armando Vega is caught stealing 3rd base Pedro Fernández to second 2-1: SINGLE (Line Drive, 56D) Pedro Fernández to third Runner from 3rd tries for Home, SAFE, no throw
|
Batting: RHB Nelson Martínez
|
0-0: Ball 1-0: Called Strike 1-1: Called Strike 1-2: Foul Ball, location: 2F 1-2: Ground out 1-3 (Groundball, 13S)
|
Bottom of the 6th over - 7 run(s), 4 hit(s), 2 error(s), 1 left on base; Logan 2 - Atlantic City 10 |
TOP OF THE 7TH |
Logan Swans batting - Pitching for Atlantic City War Dogs : RHP Bernardo Herrera
|
Batting: SHB Torajiro Ito
|
0-0: Swinging Strike 0-1: Called Strike 0-2: Ball 1-2: Ground out 4-3 (Groundball, 34)
|
Batting: LHB Francisco Ríos
|
0-0: Ball 1-0: Foul Ball, location: 2F 1-1: DOUBLE (Line Drive, 78D)
|
Batting: RHB Joe Roberts
|
0-0: Called Strike 0-1: Ball 1-1: Fly out, F9 (Line Drive, 89M)
|
Batting: RHB Joe Sulley
|
0-0: Ball 1-0: Swinging Strike 1-1: Ball 2-1: Ball 3-1: Foul Ball, location: 2F 3-2: Foul Ball, location: 2F 3-2: Foul Ball, location: 2F 3-2: Foul Ball, location: 2F 3-2: Ground out 5-3 (Groundball, 56)
|
Top of the 7th over - 0 run(s), 1 hit(s), 0 error(s), 1 left on base; Logan 2 - Atlantic City 10 |
BOTTOM OF THE 7TH |
Atlantic City War Dogs batting - Pitching for Logan Swans : RHP Mike Schmidt
|
Batting: RHB Jesús Herrera
|
0-0: Ball 1-0: Foul Ball, location: 2F 1-1: Called Strike 1-2: Strikes out swinging, 2-3 out at first.
|
Batting: RHB Jeff Buck
|
0-0: Ball 1-0: Ball 2-0: Ball 3-0: Called Strike 3-1: Foul Ball, location: 2F 3-2: Strikes out swinging
|
Batting: RHB José Guevara
|
0-0: Foul Ball, location: 2F 0-1: Ball 1-1: Swinging Strike 1-2: Ball 2-2: Foul Ball, location: 2F 2-2: Strikes out swinging
|
Bottom of the 7th over - 0 run(s), 0 hit(s), 0 error(s), 0 left on base; Logan 2 - Atlantic City 10 |
TOP OF THE 8TH |
Logan Swans batting - Pitching for Atlantic City War Dogs : RHP Bernardo Herrera
|
Batting: RHB Víctor Cuevas
|
0-0: Called Strike 0-1: Ball 1-1: Ball 2-1: Called Strike 2-2: Ground out 6-3 (Groundball, 56)
|
Pitching: LHP Craig Caldwell
|
|
Batting: SHB Francisco García
|
0-0: Ball 1-0: Fly out, F8 (Flyball, 8RM)
|
Batting: RHB Lawrence Ware
|
0-0: Ball 1-0: Foul Ball, location: 2F 1-1: Ball 2-1: SOLO HOME RUN (Flyball, 78XD), Distance : 393 ft
|
Batting: LHB Roberto Herrera
|
0-0: Foul Ball, location: 2F 0-1: Called Strike 0-2: Ball 1-2: Ball 2-2: Ball 3-2: Foul Ball, location: 2F 3-2: Foul Ball, location: 2F 3-2: Ground out 5-3 (Groundball, 5)
|
Top of the 8th over - 1 run(s), 1 hit(s), 0 error(s), 0 left on base; Logan 3 - Atlantic City 10 |
BOTTOM OF THE 8TH |
Atlantic City War Dogs batting - Pitching for Logan Swans : RHP Mike Schmidt
|
Batting: RHB Francisco Martínez
|
0-0: Foul Ball, location: 2F 0-1: Ball 1-1: Fly out, F8 (Flyball, 8RM)
|
Batting: LHB Trey Fitzpatrick
|
0-0: Called Strike 0-1: Ball 1-1: Ball 2-1: Called Strike 2-2: Ball 3-2: Ground out U3 (Groundball, 34)
|
Batting: RHB Armando Vega
|
0-0: Ball 1-0: Ball 2-0: SINGLE (Groundball, 6MD)
|
Pinch Hitting: LHB Carlos Hernández
|
0-0: Called Strike 0-1: SINGLE (Flyball, 78S) Armando Vega to second
|
Batting: RHB Don Jackson
|
0-0: Called Strike 0-1: Fly out, F9 (Flyball, 9S)
|
Bottom of the 8th over - 0 run(s), 2 hit(s), 0 error(s), 2 left on base; Logan 3 - Atlantic City 10 |
TOP OF THE 9TH |
Logan Swans batting - Pitching for Atlantic City War Dogs : LHP Craig Caldwell
|
Now at 1B: Ed Nelson
|
|
Batting: RHB Carlos Jiménez
|
0-0: Ball 1-0: Ball 2-0: Foul Ball, location: 2F 2-1: Ground out 6-3 (Groundball, 6)
|
Batting: SHB Torajiro Ito
|
0-0: Ball 1-0: Called Strike 1-1: Called Strike 1-2: Strikes out swinging
|
Batting: LHB Francisco Ríos
|
0-0: Called Strike 0-1: Ball 1-1: Ball 2-1: Swinging Strike 2-2: Ground out 6-3 (Groundball, 6S)
|
Top of the 9th over - 0 run(s), 0 hit(s), 0 error(s), 0 left on base; Logan 3 - Atlantic City 10 |
|